 Dungeon Crawl Stone Soup version 0.31-a0-210-gccc998df9b (webtiles) character file.

Game seed: 11320047539332199424

583 qw the Shooter (level 7, -2/43 HPs)
             Began as a Gargoyle Hexslinger on June 30, 2023.
             Slain by a gnoll sergeant
             ... wielding a +0 trident
              (6 damage)
             ... on level 5 of the Dungeon.
             The game lasted 00:01:22 (2677 turns).

qw the Shooter (Gargoyle Hexslinger)                Turns: 2677, Time: 00:01:23

Health: -2/43      AC: 11    Str: 11    XL:     7   Next: 37%
Magic:  8/8        EV: 10    Int: 14    God:
Gold:   293        SH:  0    Dex: 14    Spells: 7/8 levels left

rFire   . . .        Y - +0 orcbow
rCold   . . .        (shield currently unavailable)
rNeg    + . .        p - +0 ring mail
rPois   inf          (no helmet)
rElec   +            (no cloak)
rCorr   .            b - +0 pair of gloves
SInv    .            (no boots)
Will    .....        (no amulet)
Stlth   +            (no ring)
HPRegen 0.27/turn    (no ring)
MPRegen 0.11/turn

%: no passive effects
@: about to teleport
A: sickness immunity, AC +4, negative energy resistance 1, electricity
resistance, torment resistance 1, petrification resistance
a: no special abilities


You were on level 5 of the Dungeon.
You visited 1 branch of the dungeon, and saw 5 of its levels.

You collected 293 gold pieces.


Innate Abilities, Weirdness & Mutations

You are immune to sickness and miasma.
Your stone body is resilient. (AC +4)
You are immune to poison.
You resist negative energy. (rN+)
You are resistant to electric shocks. (rElec)
You are resistant to unholy torment.
You are immune to petrification.


   Skills:
 - Level 4.3 Fighting
 + Level 6.4 Ranged Weapons
 - Level 2.2 Armour
 - Level 1.5 Dodging
 - Level 1.0 Spellcasting
 - Level 2.6 Hexes


You had 7 spell levels left.
You knew the following spells:

 Your Spells              Type           Power      Damage    Failure   Level
a - Slow                  Hex            32%        N/A       21%         1

Your spell library contained the following spells:

 Spells                   Type           Power      Damage    Failure   Level
 Inner Flame              Hex/Fire       4%         N/A       71%         3
 Portal Projectile        Hex/Tloc       8%         N/A       71%         3
 Cause Fear               Hex            4%         N/A       90%         4

Inventory:

Hand Weapons
 Y - a +0 orcbow (weapon)
Armour
 b - a +0 pair of gloves (worn)
 p - a +0 ring mail (worn)
Scrolls
 c - a scroll of teleportation
 e - a scroll of identify
Potions
 d - a potion of haste
 f - a potion of might {unknown}
 g - a potion of mutation {unknown}
 h - a potion of brilliance {unknown}
 j - a potion of berserk rage {unknown}
 k - a potion of lignification {unknown}
 l - a potion of enlightenment {unknown}

Dungeon Overview and Level Annotations

Branches:
Dungeon (5/15)
 Temple: D:4-7

Altars:
Hepliaklqana
Ru

Shops:
D:3 [

Annotations:
D:2 1 runed translucent door, Crazy Yiuf


Message History

The gnoll sergeant hits you from afar with a +0 trident.
You shoot an arrow. The arrow hits the orc!
You kill the orc!
You hear some strange, mumbled words.
You are confused.
The gnoll sergeant hits you but does no damage.
2671 ||| DRINKING potion of curing.
You feel better.
2671 ||| (to cure confusion)
You hear some strange, mumbled words.
A puff of flame appears from out of thin air!
The puff of flame hits you.
The gnoll sergeant completely misses you.
You shoot an arrow.
The arrow hits the gnoll sergeant but does no damage.
The gnoll sergeant is moderately wounded.
Something hits you but does no damage.
The gnoll sergeant hits you from afar with a +0 trident!
You shoot an arrow.
The arrow closely misses the gnoll sergeant.
Something hits you but does no damage. The gnoll sergeant barely misses you.
You shoot an arrow. The arrow hits the gnoll sergeant.
The gnoll sergeant is heavily wounded.
Something hits you but does no damage.
The gnoll sergeant completely misses you.
The gnoll sergeant hits you from afar with a +0 trident.
Something hits you but does no damage.
2675 ||| READING 2 scrolls of teleportation.
As you read the scroll of teleportation, it crumbles to dust.
You feel strangely unstable. Something hits you but does no damage.
The gnoll sergeant hits you but does no damage.
You shoot an arrow. The arrow hits the gnoll sergeant.
The gnoll sergeant is heavily wounded.
Something hits you but does no damage. The gnoll sergeant closely misses you.
You shoot an arrow.
The arrow hits the gnoll sergeant but does no damage.
The gnoll sergeant is heavily wounded.
Something hits you.
The gnoll sergeant hits you from afar with a +0 trident.
You die...

#### .# #.#..........
.#.#... #............
...... #..........##
....# #(.........# #
###..## ###........#
#.##.#...## ##.......#
..........# #.........#
#.........##
#..........
#.....)@...###......?..
##....{##.......#......
..!..g?#...............
.#...$.##............#.
#.(.................#
#..###+###...........
.).. #.........#. ...
#.........# +........#.


You could see a gnoll sergeant.

Vanquished Creatures
  An ogre (D:4)
  A centaur (D:5)
  A phantom (D:4)
  A scorpion (D:4)
  2 hounds
  A sleepcap (D:4)
  An orc wizard (D:5)
  6 gnolls
  2 adders (D:2)
  A worm (D:2)
  3 dart slugs
  8 orcs
  3 ball pythons
  7 endoplasms
  6 giant cockroaches
  6 goblins
  7 hobgoblins
  6 jackals
  5 quokkas
  9 bats
  4 frilled lizards
  6 kobolds
  9 rats
96 creatures vanquished.

Notes
Turn   | Place    | Note
-------+----------+-------------------------------------------
     0 | D:1      | qw the Gargoyle Hexslinger began the quest for the Orb.
     0 | D:1      | Reached XP level 1. HP: 12/12 MP: 2/2
     0 | D:1      | 0 ||| qw: Version: 0.3-a-26-gee661ec
     0 | D:1      | 0 ||| qw: Game counter: 7221
     0 | D:1      | 0 ||| qw: Melee chars always use a shield: true
     0 | D:1      | 0 ||| qw: God list: Okawaru
     0 | D:1      | 0 ||| qw: Allow faded altars: false
     0 | D:1      | 0 ||| qw: Do Orc after clearing Dungeon:15 true
     0 | D:1      | 0 ||| qw: Do second Lair branch before Depths: true
     0 | D:1      | 0 ||| qw: Lair rune preference: random
     0 | D:1      | 0 ||| qw: Goals: Normal
     0 | D:1      | 0 ||| PLANNING D:1-11
   151 | D:1      | Reached XP level 2. HP: 16/16 MP: 3/3
   262 | D:1      | Reached skill level 3 in Ranged Weapons
   349 | D:1      | Reached XP level 3. HP: 20/21 MP: 4/4
   698 | D:1      | 698 ||| READING scroll labelled UROLYA HEVI.
   699 | D:1      | 699 ||| READING 2 scrolls labelled HIEREO LYCWASCHETT.
   700 | D:1      | 700 ||| DROPPING scroll of poison.
   701 | D:1      | 701 ||| DROPPING scroll of vulnerability.
   930 | D:2      | Reached XP level 4. HP: 20/26 MP: 5/5
   957 | D:2      | Reached skill level 4 in Ranged Weapons
   961 | D:2      | Identified the +1 flail of Nito {venom, +Blink}
   984 | D:2      | Found a runed translucent door.
   985 | D:2      | Noticed Crazy Yiuf
  1201 | D:2      | 1201 ||| UPGRADING to +0 leather armour.
  1211 | D:2      | 1211 ||| UPGRADING to +0 pair of gloves.
  1216 | D:2      | 1216 ||| DROPPING +0 robe.
  1217 | D:2      | 1217 ||| READING 2 scrolls labelled ZIOZAJEL WUWK.
  1218 | D:2      | 1218 ||| READING scroll labelled NERUM FACSA.
  1266 | D:3      | Found Xuveo's Antique Armour Shop.
  1277 | D:3      | 1277 ||| SHOPLISTING cloak (144 gold, have 142).
  1277 | D:3      | 1277 ||| SHOPLISTING runed leather armour (160 gold, have
                  | 142).
  1428 | D:3      | Reached XP level 5. HP: 30/30 MP: 6/6
  1485 | D:3      | Found a sacrificial altar of Ru.
  1625 | D:3      | 1625 ||| READING 2 scrolls labelled PAAT WATHYUCUT.
  1630 | D:3      | 1630 ||| READING scroll labelled NUGOIH ESUKHLO.
  1631 | D:3      | 1631 ||| READING 2 scrolls of identify.
  1631 | D:3      | 1631 ||| IDENTIFYING emerald potion
  1654 | D:4      | Found a hazy altar of Hepliaklqana.
  1671 | D:4      | Noticed an ogre
  1691 | D:4      | Killed an ogre
  1692 | D:4      | Reached skill level 5 in Ranged Weapons
  1849 | D:4      | Reached XP level 6. HP: 36/36 MP: 7/7
  1907 | D:4      | Reached skill level 3 in Fighting
  2373 | D:4      | 2373 ||| SWAPPING to +0 orcbow.
  2376 | D:4      | 2376 ||| DROPPING +2 sling of draining.
  2398 | D:4      | 2398 ||| UPGRADING to +0 ring mail.
  2408 | D:4      | 2408 ||| DROPPING +0 leather armour.
  2409 | D:4      | 2409 ||| READING scroll labelled FIAGYFE RELAO.
  2410 | D:4      | 2410 ||| READING 2 scrolls labelled HAFETT JEICUJ.
  2411 | D:4      | 2411 ||| DRINKING 2 amethyst potions.
  2412 | D:4      | 2412 ||| DROPPING scroll of amnesia.
  2414 | D:5      | Entered Level 5 of the Dungeon
  2417 | D:5      | 2417 ||| STAIRDANCE
  2461 | D:5      | 2461 ||| STAIRDANCE
  2479 | D:4      | Reached skill level 6 in Ranged Weapons
  2479 | D:4      | Reached XP level 7. HP: 33/41 MP: 8/8
  2671 | D:5      | 2671 ||| DRINKING potion of curing.
  2671 | D:5      | 2671 ||| (to cure confusion)
  2674 | D:5      | HP: 7/43 [gnoll sergeant/+0 trident (6)]
  2675 | D:5      | 2675 ||| READING 2 scrolls of teleportation.
  2677 | D:5      | Slain by a gnoll sergeant

Levels and vault maps discovered:
D:1:      eino_arrival_cavern_a, layout_basic, minmay_tetromino_l4
D:2:      minmay_diamond_boxcup, layout_rooms, uniq_crazy_yiuf_cottage
D:3:      layout_rooms, hangedman_ru_absence, serial_shops, shop
D:4:      layout_basic, amcnicky_altar_gilded, kennysheep_cluttered_room
D:5:      layout_cave_pools, minmay_temple_entry_hall, minmay_misc_feat_tiny,
          minmay_crystal_room, nicolae_grassy_gnolls

Skill      XL: |  1  2  3  4  5  6  7 |
---------------+----------------------+-----
Ranged Weapons | 3 4 5 6 |  6.4
Fighting       | 2 3 4 |  4.3
Armour         | 2 |  2.2
Dodging        | |  1.5
Spellcasting   | |  1.0
Hexes          | |  2.6

Action                     |  1- 3 |  4- 6 |  7- 9 || total
---------------------------+-------+-------+-------++-------
   Fire: Sling             |    93 |   148 |       ||   241
         Orcbow            |       |    23 |    51 ||    74
    Use: Scroll            |     2 |     7 |     1 ||    10
         Potion            |       |     1 |     1 ||     2
 Armour: Robe              |    19 |     3 |       ||    22
         Leather armour    |       |    28 |       ||    28
         Ring mail         |       |    17 |    42 ||    59
  Dodge: Dodged            |    26 |    67 |    15 ||   108

Table legend:
 A = Non-vault XP
 B = Vault XP
 C = Vault XP percentage of total XP
 D = Non-vault monster count
 E = Vault monster count
 F = Vault count percentage of total count
                 A         B        C        D         E       F
            +---------+---------+-------+---------+---------+-------
      Total |     801 |      32 |   3.8 |      85 |      11 |  11.5
            +---------+---------+-------+---------+---------+-------
        D:1 |      36 |       7 |  16.3 |      21 |       4 |  16.0
        D:2 |      33 |      25 |  43.1 |      12 |       7 |  36.8
        D:3 |      76 |       0 |   0.0 |      22 |       0 |   0.0
        D:4 |     453 |       0 |   0.0 |      22 |       0 |   0.0
        D:5 |     203 |       0 |   0.0 |       8 |       0 |   0.0
            +---------+---------+-------+---------+---------+-------
